[ AOE2 MATCH · #507044754 ]
UnrankedMalians vs Tatars
Player's team · WIN
Rival team · LOSS
[ REPLAY ANALYSIS · EXTRACTED FROM THE RECORDED GAME ]
Feudal
10:59
Castle
22:43
Imperial
46:00
| APM avg | 70.8 |
| APM peak | 120 |
| eAPM avg | 36.7 |
| Villagers / military | 237 / 411 |
Focus
⚔️ 41.7% · 🌾 58.3%
Knight ×169 · Skirmisher ×120 · Camel Scout ×49 · Scout Cavalry ×19 · Scorpion ×14 · Cavalry Archer ×7
Feudal
9:03
Castle
21:19
Imperial
52:02
| APM avg | 78.4 |
| APM peak | 117 |
| eAPM avg | 33.1 |
| Villagers / military | 168 / 207 |
Focus
⚔️ 48.1% · 🌾 51.9%
Cavalry Archer ×143 · Skirmisher ×45 · Trebuchet (Packed) ×4 · Monk ×3 · Knight ×3 · Spearman ×3
Match map
Initial resources + every placement click. Lines = walls · curves = elevation contours. ◆ gold · ⬟ stone · ● berries · ✦ relic · ◌ wall gap
Your base· Open — opponent sealed themselves in
THL's base· ✓ Closed at 21:19 · 49t walls · no gate
Smoothed initial terrain · ◌ = detected wall gap · hover for details
Inputs per minute
— uel - - THL
Build order — uel
First 150 of 891 actions detected
| 0:01 | Create | Villager (Male) |
| 0:02 | Create | Villager (Male) |
| 0:02 | Create | Villager (Male) |
| 0:02 | Build | House |
| 0:04 | Build | House |
| 0:15 | Create | Villager (Male) |
| 1:25 | Create | Villager (Male) |
| 1:26 | Create | Villager (Male) |
| 1:43 | Create | Villager (Male) |
| 2:00 | Build | Lumber Camp |
| 2:06 | Create | Villager (Male) |
| 2:34 | Create | Villager (Male) |
| 3:16 | Create | Villager (Male) |
| 3:16 | Create | Villager (Male) |
| 3:38 | Create | Villager (Male) |
| 3:51 | Build | House |
| 3:59 | Create | Villager (Male) |
| 4:11 | Build | Barracks |
| 4:18 | Create | Villager (Male) |
| 4:51 | Create | Villager (Male) |
| 4:52 | Build | House |
| 4:53 | Build | House |
| 5:03 | Build | House |
| 5:05 | Create | Villager (Male) |
| 5:19 | Create | Militia |
| 5:19 | Create | Militia |
| 6:01 | Create | Militia |
| 6:03 | Create | Villager (Male) |
| 6:07 | Build | Mill |
| 6:21 | Create | Villager (Male) |
| 6:21 | Create | Villager (Male) |
| 6:51 | Create | Villager (Male) |
| 7:16 | Create | Villager (Male) |
| 7:18 | Create | Villager (Male) |
| 7:19 | Research | Loom |
| 8:49 | Research | Feudal Age |
| 8:55 | Build | Lumber Camp |
| 9:14 | Build | Farm |
| 9:15 | Build | Farm |
| 9:18 | Build | Farm |
| 9:25 | Build | Farm |
| 9:30 | Create | Villager (Male) |
| 9:55 | Build | Farm |
| 10:00 | Build | Palisade Wall |
| 10:01 | Build | Palisade Wall |
| 10:05 | Build | Palisade Wall |
| 10:06 | Build | Palisade Wall |
| 10:08 | Build | Palisade Wall |
| 10:35 | Build | Palisade Wall |
| 10:37 | Build | Palisade Wall |
| 10:37 | Build | Palisade Wall |
| 10:42 | Build | Palisade Wall |
| 10:43 | Build | Palisade Wall |
| 10:43 | Build | Palisade Wall |
| 10:44 | Build | Palisade Wall |
| 10:45 | Build | Palisade Wall |
| 10:47 | Build | Palisade Wall |
| 10:59 | Age | Feudal Age |
| 11:01 | Build | Stable |
| 11:02 | Create | Spearman |
| 11:04 | Research | Double-Bit Axe |
| 11:08 | Build | Palisade Wall |
| 11:13 | Create | Villager (Male) |
| 11:26 | Research | Horse Collar |
| 11:36 | Build | Palisade Wall |
| 11:42 | Build | House |
| 11:43 | Create | Scout Cavalry |
| 11:53 | Create | Scout Cavalry |
| 11:58 | Create | Villager (Male) |
| 11:58 | Create | Villager (Male) |
| 12:01 | Build | Farm |
| 12:05 | Build | House |
| 12:07 | Build | Palisade Wall |
| 12:22 | Create | Villager (Male) |
| 12:33 | Create | Spearman |
| 12:58 | Build | Archery Range |
| 13:03 | Create | Villager (Male) |
| 13:10 | Build | Farm |
| 13:21 | Create | Villager (Male) |
| 13:22 | Create | Spearman |
| 13:28 | Create | Scout Cavalry |
| 13:33 | Build | Farm |
| 13:45 | Build | Palisade Wall |
| 13:50 | Build | Palisade Wall |
| 13:57 | Create | Villager (Male) |
| 14:00 | Create | Skirmisher |
| 14:07 | Create | Villager (Male) |
| 14:09 | Build | Farm |
| 14:10 | Build | House |
| 14:33 | Create | Spearman |
| 14:34 | Create | Scout Cavalry |
| 14:35 | Create | Skirmisher |
| 14:56 | Build | Farm |
| 14:58 | Create | Villager (Male) |
| 15:01 | Build | Mining Camp |
| 15:03 | Create | Villager (Male) |
| 15:08 | Create | Skirmisher |
| 15:17 | Create | Villager (Male) |
| 15:18 | Build | House |
| 15:31 | Build | Blacksmith |
| 15:40 | Create | Spearman |
| 15:42 | Create | Villager (Male) |
| 15:54 | Build | House |
| 16:08 | Create | Scout Cavalry |
| 16:11 | Create | Archer |
| 16:12 | Create | Villager (Male) |
| 16:14 | Build | Farm |
| 16:36 | Create | Archer |
| 17:00 | Create | Villager (Male) |
| 17:17 | Research | Fletching |
| 17:17 | Research | Fletching |
| 17:23 | Create | Villager (Male) |
| 17:25 | Build | Farm |
| 17:27 | Build | Farm |
| 17:28 | Build | Farm |
| 17:29 | Build | Farm |
| 17:32 | Create | Archer |
| 17:47 | Build | Farm |
| 18:07 | Build | Lumber Camp |
| 18:11 | Create | Villager (Male) |
| 18:13 | Build | House |
| 18:33 | Create | Villager (Male) |
| 18:55 | Create | Villager (Male) |
| 18:57 | Build | Market |
| 20:03 | Research | Castle Age |
| 20:04 | Research | Castle Age |
| 20:10 | Build | Archery Range |
| 20:18 | Build | Stable |
| 20:21 | Research | Scale Barding Armor |
| 20:47 | Build | Farm |
| 20:47 | Build | Farm |
| 20:47 | Build | Farm |
| 20:48 | Build | Farm |
| 20:59 | Research | Bloodlines |
| 20:59 | Research | Bloodlines |
| 21:15 | Build | Farm |
| 21:35 | Build | Farm |
| 22:43 | Age | Castle Age |
| 22:45 | Create | Knight |
| 22:46 | Create | Knight |
| 22:47 | Research | Bow Saw |
| 22:47 | Research | Bow Saw |
| 22:53 | Create | Knight |
| 22:56 | Create | Villager (Male) |
| 22:58 | Build | Town Center |
| 23:12 | Create | Villager (Male) |
| 23:23 | Create | Villager (Male) |
| 23:28 | Build | Farm |
| 23:37 | Create | Knight |
| 23:39 | Research | Scale Mail Armor |
Build order — THL
First 150 of 581 actions detected
| 0:01 | Create | Villager (Male) |
| 0:01 | Create | Villager (Male) |
| 0:01 | Create | Villager (Male) |
| 0:02 | Build | House |
| 0:03 | Build | House |
| 0:12 | Create | Villager (Male) |
| 0:12 | Create | Villager (Male) |
| 1:24 | Create | Villager (Male) |
| 1:24 | Create | Villager (Male) |
| 1:49 | Create | Villager (Male) |
| 1:49 | Create | Villager (Male) |
| 1:51 | Build | Lumber Camp |
| 2:21 | Create | Villager (Male) |
| 2:22 | Create | Villager (Male) |
| 2:48 | Create | Villager (Male) |
| 3:03 | Create | Villager (Male) |
| 3:04 | Create | Villager (Male) |
| 3:26 | Build | House |
| 3:35 | Create | Villager (Male) |
| 3:36 | Create | Villager (Male) |
| 4:19 | Create | Villager (Male) |
| 4:19 | Create | Villager (Male) |
| 4:31 | Create | Villager (Male) |
| 4:34 | Build | Mill |
| 5:01 | Create | Villager (Male) |
| 5:01 | Create | Villager (Male) |
| 5:36 | Create | Villager (Male) |
| 6:01 | Research | Loom |
| 6:01 | Research | Loom |
| 6:02 | Research | Loom |
| 6:53 | Research | Feudal Age |
| 6:53 | Research | Feudal Age |
| 7:35 | Build | House |
| 7:44 | Build | House |
| 7:47 | Build | Palisade Wall |
| 7:48 | Build | Palisade Wall |
| 7:54 | Build | Palisade Wall |
| 7:56 | Build | Palisade Wall |
| 8:00 | Build | Palisade Wall |
| 8:02 | Build | Palisade Wall |
| 9:03 | Age | Feudal Age |
| 9:04 | Create | Villager (Male) |
| 9:07 | Build | Barracks |
| 9:11 | Research | Double-Bit Axe |
| 9:11 | Research | Double-Bit Axe |
| 9:11 | Research | Double-Bit Axe |
| 9:28 | Create | Villager (Male) |
| 9:48 | Create | Villager (Male) |
| 9:51 | Build | Stable |
| 9:59 | Create | Villager (Male) |
| 10:25 | Create | Villager (Male) |
| 10:33 | Create | Scout Cavalry |
| 10:35 | Build | House |
| 10:50 | Create | Villager (Male) |
| 10:51 | Create | Villager (Male) |
| 11:21 | Create | Villager (Male) |
| 11:24 | Create | Villager (Male) |
| 11:24 | Create | Villager (Male) |
| 11:24 | Create | Villager (Male) |
| 11:26 | Create | Villager (Male) |
| 11:26 | Create | Villager (Male) |
| 11:38 | Create | Scout Cavalry |
| 11:44 | Build | Mill |
| 11:48 | Create | Villager (Male) |
| 11:58 | Create | Villager (Male) |
| 12:04 | Build | Palisade Wall |
| 12:12 | Create | Scout Cavalry |
| 12:26 | Build | House |
| 12:40 | Build | Farm |
| 12:41 | Create | Villager (Male) |
| 12:46 | Create | Villager (Male) |
| 12:48 | Build | Farm |
| 12:52 | Build | Farm |
| 12:52 | Build | Farm |
| 13:04 | Build | Farm |
| 13:15 | Build | Farm |
| 13:21 | Create | Villager (Male) |
| 13:25 | Build | Palisade Wall |
| 13:29 | Create | Villager (Male) |
| 13:38 | Build | House |
| 13:50 | Build | Palisade Wall |
| 13:58 | Create | Villager (Male) |
| 14:06 | Build | House |
| 14:11 | Build | Farm |
| 14:16 | Build | Farm |
| 14:17 | Build | Farm |
| 14:40 | Create | Villager (Male) |
| 14:41 | Build | Farm |
| 14:46 | Build | Mining Camp |
| 15:02 | Build | Farm |
| 15:13 | Create | Villager (Male) |
| 15:19 | Build | Palisade Wall |
| 15:25 | Create | Villager (Male) |
| 15:32 | Build | Farm |
| 15:47 | Build | Farm |
| 16:00 | Create | Spearman |
| 16:35 | Create | Villager (Male) |
| 16:44 | Create | Villager (Male) |
| 16:45 | Create | Spearman |
| 16:49 | Build | Watch Tower |
| 16:55 | Create | Villager (Male) |
| 16:57 | Build | House |
| 17:14 | Create | Villager (Male) |
| 17:25 | Build | Archery Range |
| 17:30 | Create | Villager (Male) |
| 17:42 | Build | Palisade Wall |
| 17:43 | Build | Palisade Wall |
| 17:43 | Build | Palisade Wall |
| 17:49 | Create | Villager (Male) |
| 17:59 | Build | Palisade Wall |
| 18:05 | Build | Lumber Camp |
| 18:39 | Research | Castle Age |
| 18:40 | Research | Castle Age |
| 18:48 | Create | Spearman |
| 19:06 | Build | Blacksmith |
| 19:11 | Build | Farm |
| 19:20 | Create | Skirmisher |
| 19:21 | Create | Skirmisher |
| 19:39 | Build | Farm |
| 19:45 | Build | Market |
| 19:49 | Create | Skirmisher |
| 20:01 | Research | Fletching |
| 20:01 | Research | Fletching |
| 20:02 | Research | Fletching |
| 20:03 | Research | Horse Collar |
| 20:04 | Research | Horse Collar |
| 20:06 | Create | Skirmisher |
| 20:44 | Create | Skirmisher |
| 20:53 | Build | Archery Range |
| 21:08 | Create | Skirmisher |
| 21:19 | Age | Castle Age |
| 21:26 | Research | Bodkin Arrow |
| 21:26 | Research | Bodkin Arrow |
| 21:26 | Research | Bodkin Arrow |
| 21:29 | Create | Villager (Male) |
| 21:52 | Create | Villager (Male) |
| 22:15 | Create | Villager (Male) |
| 22:16 | Create | Skirmisher |
| 22:16 | Create | Skirmisher |
| 22:17 | Create | Skirmisher |
| 22:17 | Create | Skirmisher |
| 22:47 | Create | Villager (Male) |
| 22:55 | Research | Elite Skirmisher (upgrade) |
| 22:56 | Research | Elite Skirmisher (upgrade) |
| 22:56 | Research | Elite Skirmisher (upgrade) |
| 22:57 | Create | Skirmisher |
| 23:10 | Create | Villager (Male) |
| 23:10 | Create | Villager (Male) |
| 23:26 | Create | Villager (Male) |
| 23:26 | Create | Villager (Male) |
Match timeline
| 4:11 | uel · first_building Barracks |
| 7:47 | THL · wall_segment Palisade Wall x1 |
| 7:48 | THL · wall_segment Palisade Wall x1 |
| 7:54 | THL · wall_segment Palisade Wall x1 |
| 7:56 | THL · wall_segment Palisade Wall x1 |
| 8:00 | THL · wall_segment Palisade Wall x1 |
| 8:02 | THL · wall_segment Palisade Wall x1 |
| 9:03 | THL · age_up feudal |
| 9:07 | THL · first_building Barracks |
| 9:51 | THL · first_building Stable |
| 10:00 | uel · wall_segment Palisade Wall x1 |
| 10:01 | uel · wall_segment Palisade Wall x1 |
| 10:05 | uel · wall_segment Palisade Wall x1 |
| 10:06 | uel · wall_segment Palisade Wall x1 |
| 10:08 | uel · wall_segment Palisade Wall x1 |
| 10:35 | uel · wall_segment Palisade Wall x1 |
| 10:37 | uel · wall_segment Palisade Wall x1 |
| 10:37 | uel · wall_segment Palisade Wall x1 |
| 10:42 | uel · wall_segment Palisade Wall x1 |
| 10:43 | uel · wall_segment Palisade Wall x1 |
| 10:43 | uel · wall_segment Palisade Wall x1 |
| 10:44 | uel · wall_segment Palisade Wall x1 |
| 10:45 | uel · wall_segment Palisade Wall x1 |
| 10:47 | uel · wall_segment Palisade Wall x1 |
| 10:59 | uel · age_up feudal |
| 11:01 | uel · first_building Stable |
| 11:08 | uel · wall_segment Palisade Wall x1 |
| 11:36 | uel · wall_segment Palisade Wall x4 |
| 12:04 | THL · wall_segment Palisade Wall x7 |
| 12:07 | uel · wall_segment Palisade Wall x7 |
| 12:58 | uel · first_building Archery Range |
| 13:25 | THL · wall_segment Palisade Wall x1 |
| 13:45 | uel · wall_segment Palisade Wall x1 |
| 13:50 | uel · wall_segment Palisade Wall x1 |
| 13:50 | THL · wall_segment Palisade Wall x11 |
| 15:19 | THL · wall_segment Palisade Wall x21 |
| 17:25 | THL · first_building Archery Range |
| 17:42 | THL · wall_segment Palisade Wall x1 |
| 17:43 | THL · wall_segment Palisade Wall x1 |
| 17:43 | THL · wall_segment Palisade Wall x1 |
| 17:59 | THL · wall_segment Palisade Wall x1 |
| 19:36 | uel · first_market_sell 100 wood |
| 19:37 | uel · first_market_buy 100 food |
| 21:19 | THL · age_up castle |
| 22:43 | uel · age_up castle |
| 24:03 | uel · wall_segment Palisade Wall x7 |
| 24:31 | THL · wall_segment Palisade Wall x1 |
| 24:32 | THL · wall_segment Palisade Wall x1 |
| 25:08 | THL · first_building Monastery |
| 25:42 | uel · first_building Siege Workshop |
| 26:47 | THL · first_market_sell 100 wood |
| 30:24 | THL · wall_segment Palisade Wall x1 |
| 34:58 | THL · first_building Siege Workshop |
| 35:40 | uel · first_building Castle |
| 39:55 | uel · first_building Monastery |
| 43:15 | THL · first_market_buy 100 stone |
| 43:20 | THL · first_building Castle |
| 46:00 | uel · age_up imperial |
| 52:02 | THL · age_up imperial |
| 60:26 | THL · resign |
[ AI ANALYSIS · 1 CREDIT ]
What really happened in this match?
Wolo.gg analyzes every decision: build order, eco, micro, common mistakes by bracket. Personalized analysis on WhatsApp or Discord in 30 seconds.
Civ guide
Malians
Perfil
uel